 Dungeon Crawl Stone Soup version 0.24-a0-500-g46574c2197 (console) character file.

Game seed: 13266253440413424529

103922 Susanna the Protected (level 15, -17/137 HPs)
             Began as a Minotaur Gladiator on July 15, 2019.
             Was the Champion of Makhleb.
             Killed from afar by a balrug (32 damage)
             ... with a fireball
             ... summoned by the player character
             ... on level 2 of the Swamp.
             The game lasted 04:01:43 (26148 turns).

Susanna the Protected (Minotaur Gladiator)         Turns: 26148, Time: 04:01:43

Health: -17/137    AC: 27    Str: 26    XL:     15   Next: 90%
Magic:  23/23      EV: 23    Int: 12    God:    Makhleb [******]
Gold:   2816       SH:  8    Dex: 24    Spells: 12/14 levels left

rFire    . . .     SeeInvis .   e - +8 scimitar (flame)
rCold    + . .     Gourm    +   M - +0 buckler
rNeg     + . .     Faith    .   V - +2 plate armour of Qierhoes {rC+ rCorr Dex+4}
rPois    +         Spirit   .   c - +2 hat
rElec    +         Reflect  .   a - +0 cloak
rCorr    +         Harm     .   Z - +2 pair of gloves {Dex+3}
MR       +....                  i - +0 pair of boots
Stlth    ..........             G - amulet "Itzuhub" {Gourm rElec Int+7}
HPRegen  0.32/turn              n - ring of Perfectionism {rPois rN+ Str+2 Dex+4 Stlth-}
MPRegen  0.18/turn              E - +5 ring of evasion

@: very slightly contaminated
A: retaliatory headbutt, horns 2
a: Minor Destruction, Lesser Servant of Makhleb, Major Destruction, Greater
Servant of Makhleb, Renounce Religion


You were on level 2 of the Swamp.
You worshipped Makhleb.
Makhleb was exalted by your worship.
You were completely stuffed.

You visited 4 branches of the dungeon, and saw 25 of its levels.
You also visited: Ossuary and Gauntlet.

You collected 2924 gold pieces.
You spent 108 gold pieces at shops.

Inventory:

Hand Weapons
 e - a +8 scimitar of flaming (weapon)
 g - a +0 hunting sling
 w - the +5 long sword of Shrieking Terror {slice, rElec rPois Dex+3}
   (You found it on level 5 of the Dungeon)

   It inflicts extra damage upon your enemies.
   It affects your dexterity (+3).
   It insulates you from electricity.
   It protects you from poison.
Missiles
 d - 3 throwing nets
 m - 53 poisoned darts
 K - 77 sling bullets
 T - 18 silver javelins (quivered)
 Y - 8 curare-tipped darts
Armour
 a - a +0 cloak (worn)
 c - a +2 hat (worn)
 i - a +0 pair of boots (worn)
 o - +2 shadow dragon scales
 t - a +0 shield
 M - a +0 buckler (worn)
 V - the +2 plate armour of Qierhoes (worn) {rC+ rCorr Dex+4}
   (You took it off a minotaur in a Gauntlet)

   It affects your dexterity (+4).
   It protects you from cold.
   It provides partial protection from all sources of acid and corrosion.
 Z - a +2 pair of gloves of dexterity (worn)
Jewellery
 n - the ring of Perfectionism (left hand) {rPois rN+ Str+2 Dex+4 Stlth-}
   (You found it on level 6 of the Lair of Beasts)

   [ring of strength]

   It affects your strength (+2).
   It affects your dexterity (+4).
   It protects you from poison.
   It protects you from negative energy.
   It makes you less stealthy.
 v - an uncursed ring of protection from fire
 E - a +5 ring of evasion (right hand)
 G - the amulet "Itzuhub" (around neck) {Gourm rElec Int+7}
   (You found it on level 11 of the Dungeon)

   [amulet of the gourmand]

   It allows you to eat raw meat even when not hungry.
   It affects your intelligence (+7).
   It insulates you from electricity.
Wands
 l - a wand of digging (13)
 p - a wand of polymorph (6)
 y - a wand of flame (38)
 z - a wand of iceblast (40)
 J - a wand of acid (16)
 N - a wand of paralysis (14)
 S - a wand of disintegration (22)
 W - a wand of scattershot (6)
 X - a wand of enslavement (11)
Scrolls
 k - 6 scrolls of remove curse
 u - a scroll of magic mapping {unknown}
 A - a scroll of brand weapon
 B - 8 scrolls of identify
 C - 13 scrolls of teleportation
 H - 5 scrolls of fear
 O - 7 scrolls of fog
 P - a scroll of summoning
Potions
 h - 3 potions of cancellation
 j - 5 potions of curing
 r - 2 potions of magic
 x - 3 potions of resistance
 D - 4 potions of flight
 I - 3 potions of brilliance
 Q - a potion of might
Miscellaneous
 q - a fan of gales
 s - a phial of floods
Comestibles
 f - 44 rations


   Skills:
 - Level 13.8 Fighting
   Level 4.8(9.6) Short Blades
 - Level 13.6(14.0) Long Blades
 - Level 3.1(3.5) Slings
 - Level 2.0(2.7) Throwing
 - Level 13.9 Armour
 - Level 13.2 Dodging
 - Level 3.2 Stealth
 + Level 11.0 Shields
 - Level 12.8 Invocations


You had 12 spell levels left.
You knew the following spells:

 Your Spells              Type           Power        Failure   Level  Hunger
a - Confusing Touch       Hex            #.....       94%         1    ##.....
b - Corona                Hex            #......      94%         1    ##.....

Your spell library contained the following spells:

 Spells                   Type           Power        Failure   Level  Hunger
 Animate Skeleton         Necr           N/A          94%         1    ##.....
 Apportation              Tloc           #.....       94%         1    ##.....
 Freeze                   Ice            #...         94%         1    ##.....
 Infusion                 Chrm           #...         94%         1    ##.....
 Magic Dart               Conj           #...         94%         1    ##.....
 Summon Butterflies       Summ           #.......     94%         1    ##.....
 Summon Small Mammal      Summ           #...         94%         1    ##.....
 Searing Ray              Conj           #.....       98%         2    ###....
 Shroud of Golubria       Chrm/Tloc      #.....       98%         2    ###....
 Slow                     Hex            #.......     98%         2    ###....
 Song of Slaying          Chrm           #.......     98%         2    ###....
 Sublimation of Blood     Necr           #.........   98%         2    ###....
 Throw Frost              Conj/Ice       #.....       98%         2    ###....
 Dazzling Spray           Conj/Hex       #.....       100%        3    ####...
 Ignite Poison            Fire/Tmut/Pois #.......     100%        3    ####...
 Inner Flame              Hex/Fire       #.......     100%        3    ####...
 Lesser Beckoning         Tloc           #.........   100%        3    ####...
 Ozocubu's Armour         Chrm/Ice       #.......     100%        3    ####...
 Portal Projectile        Hex/Tloc       #.....       100%        3    ####...
 Regeneration             Chrm/Necr      #.........   100%        3    ####...
 Spectral Weapon          Hex/Chrm       #.......     100%        3    ####...
 Tukima's Dance           Hex            #.......     100%        3    ####...
 Cause Fear               Hex            #.........   100%        4    #####..
 Force Lance              Conj/Tloc      #.......     100%        4    #####..
 Fulminant Prism          Conj/Hex       #.........   100%        4    #####..
 Iskenderun's Mystic Bla  Conj           #.......     100%        4    #####..
 Leda's Liquefaction      Hex/Erth       #.........   100%        4    #####..
 Petrify                  Tmut/Erth      #.......     100%        4    #####..
 Summon Ice Beast         Ice/Summ       #.......     100%        4    #####..
 Summon Lightning Spire   Summ/Air       #.......     100%        4    #####..
 Throw Icicle             Conj/Ice       #.......     100%        4    #####..
 Alistair's Intoxication  Tmut/Pois      #.......     100%        5    ######.
 Bolt of Magma            Conj/Fire/Erth #.........   100%        5    ######.
 Irradiate                Conj/Tmut      #.........   100%        5    ######.
 Iskenderun's Battlesphe  Conj/Chrm      #.......     100%        5    ######.
 Silence                  Hex/Air        #.........   100%        5    ######.
 Venom Bolt               Conj/Pois      #.........   100%        5    ######.
 Yara's Violent Unravell  Hex/Tmut       #.........   100%        5    ######.
 Conjure Ball Lightning   Conj/Air       #.........   100%        6    #######
 Deflect Missiles         Chrm/Air       #.........   100%        6    #######
 Invisibility             Hex            #.......     100%        6    #######
 Iron Shot                Conj/Erth      #.........   100%        6    #######
 Malign Gateway           Summ/Tloc      #.........   100%        7    #######
 Monstrous Menagerie      Summ           #.........   100%        7    #######
 Orb of Destruction       Conj           #.........   100%        7    #######
 Spellforged Servitor     Conj/Summ      #.........   100%        7    #######
 Summon Greater Demon     Summ           #.........   100%        7    #######
 Discord                  Hex            #.........   100%        8    #######
 Summon Horrible Things   Summ           #.........   100%        8    #######
 Tornado                  Air            #.........   100%        9    #######


Dungeon Overview and Level Annotations

Branches:
Dungeon (15/15)            Temple (0/1) D:7            Lair (6/6) D:8
  Swamp (2/4) Lair:4        Snake (0/4) Lair:3        Slime (0/5) Lair:6
    Orc (2/2) D:9             Elf (0/3) Orc:2        Vaults (0/5) D:14
 Depths (0/5) D:15

Altars:
Ashenzari
Fedhas
Gozag
Hepliaklqana
Kikubaaqudgha
Makhleb
Nemelex Xobeh
Ru
Sif Muna
Trog
Uskayaw
Wu Jian
The Shining One

Shops:
D:13 (   Orc:2 ([[[

Annotations:
D:13 3 runed translucent doors
Lair:4 exclusion: oklob plant


Innate Abilities, Weirdness & Mutations

You reflexively headbutt those who attack you in melee.
You have a pair of horns on your head.


Message History

You feel better.
You slash the shambling mangrove! You burn the shambling mangrove.
You destroy the shambling mangrove!
Makhleb accepts your kill.
You feel better.
Your Shields skill increases to level 11!
Your surroundings suddenly seem different.
A swamp drake comes into view.
The swamp drake roars!
The swamp drake breathes noxious fumes at you.
The noxious blast misses you.
An alligator comes into view.
Found 7 stones and a scroll of noise.
A demon appears!
It doesn't seem very happy.
The swamp drake breathes noxious fumes at you.
The noxious blast misses you. The balrug gestures at you.
The fireball explodes!
The fireball engulfs you!!
You die...

≈(≈♣♣♣♣♣§♣≈♣♣♣ ≈≈♣♣
♣≈≈.≈.♣ ♣♣≈≈≈.♣ ≈≈≈≈♣
♣♣..≈≈.♣ ♣.≈≈≈.
≈≈≈.♣♣♣...≈≈.♣ ♣≈...
.≈≈?..≈≈≈§..♣♣ ♣.≈.♣
≈.....≈≈≈<.≈♣ ♣≈≈.♣
..≈♣♣..≈.≈♣♣♣ ♣..≈♣♣♣
≈.♣♣♣....♣♣○○♣♣♣(....♣♣
≈?.≈≈≈=♣♣.○○○°@.≈≈≈≈♣
...≈≈≈.♣≈≈○○°°°§≈≈≈≈≈♣
≈≈.≈≈≈.♣.○○k°2°.≈≈≈≈♣♣
≈≈≈≈..♣♣♣○.≈°......≈♣
≈≈≈≈≈.♣≈?.....≈≈≈≈♣♣♣
≈≈.♣♣≈..≈≈...♣ ≈.
♣♣♣♣.t...♣ ♣ ♣≈♣.§.♣
♣♣..≈♣


You could see a balrug, an alligator and a swamp drake.

Vanquished Creatures
  A thorn hunter (Swamp:1)
  The ghost of Elric the Fencer, a journeyman MiFi of Trog (Lair:6)
  A minotaur (Gauntlet)
  Josephine (Orc:2)
  A fire dragon (Lair:6)
  8 vault guards (D:14)
  A ghost crab (Gauntlet)
  Erica (D:11)
  2 shambling mangroves (Swamp:2)
  9 hydras
  2 centaur warriors
  6 two-headed ogres
  8 alligators
  2 skeletal warriors (D:15)
  4 unseen horrors
  A flayed ghost (D:15)
  9 swamp dragons
  2 lindwurms (Lair:6)
  Pikel (D:4)
  An oklob plant (Lair:6)
  A stone giant zombie (D:15)
  A frost giant zombie (D:15)
  16 ugly things
  2 deep elf magi (D:12)
  2 cyclopes
  2 orc sorcerers (Orc:2)
  A moth of wrath (shapeshifter) (D:15)
  5 slime creatures (D:14)
  7 elephants
  A fire giant skeleton (D:15)
  8 black mambas
  2 centaur zombies
  2 molten gargoyles (Lair:6)
  A torpor snail (Gauntlet)
  5 rime drakes
  15 spiny frogs
  8 komodo dragons
  A kobold demonologist (D:15)
  2 tyrant leeches
  A meliai (shapeshifter) (D:14)
  4 trolls
  8 hornets
  5 blink frogs (Lair:6)
  6 bog bodies
  10 hippogriffs
  Sigmund (D:5)
  39 yaks
  5 shadows
  3 wraiths
  5 wyverns
  Eustachio (D:5)
  An ice dragon skeleton (D:15)
  3 spriggans
  13 basilisks
  3 hungry ghosts
  A steam dragon (Lair:6)
  8 vampire mosquitoes
  8 swamp worms
  3 nagas (Lair:3)
  Edmund (D:4)
  3 soldier ants
  9 water moccasins
  An acid dragon (D:12)
  5 hell hounds (Lair:6)
  8 porcupines
  Duvessa (D:4)
  8 orc warriors
  4 sky beasts
  2 slaves (D:4)
  3 black bears
  2 swamp drakes (Swamp:1)
  3 ice beasts
  An eye of draining (D:13)
  4 necrophages
  4 phantoms
  13 wolves
  11 ogres
  16 centaurs
  7 crocodiles
  2 big kobolds
  2 elf zombies (Ossuary)
  A gnoll sergeant (D:7)
  17 bullfrogs
  Dowan (D:4)
  8 scorpions
  6 killer bees (D:8)
  15 wights
  7 howler monkeys
  An electric eel (Lair:4)
  6 crimson imps
  5 lava snakes (Lair:6)
  2 bullfrog zombies
  A human zombie (Ossuary)
  A quasit (D:12)
  2 centaur skeletons
  13 orc priests
  4 hounds
  A gnoll shaman (D:8)
  15 orc wizards
  Natasha (thrice) (D:4)
  14 iguanas
  10 worker ants
  A big kobold zombie (Ossuary)
  4 mummies (Ossuary)
  2 worker ant zombies
  A howler monkey zombie (D:7)
  56 gnolls
  10 adders
  5 shadow imps
  2 oozes
  2 adder zombies (Ossuary)
  An adder skeleton (D:4)
  2 worms
  A dart slug (D:1)
  8 leopard geckos
  32 orcs
  9 bats
  8 giant cockroaches
  A gnoll zombie (Ossuary)
  6 goblins
  2 hobgoblins (D:1)
  22 jackals
  A quokka (D:5)
  A ball python (D:1)
  5 frilled lizards
  A goblin zombie (Ossuary)
  2 hobgoblin zombies (Ossuary)
  2 jackal zombies (Ossuary)
  17 kobolds
  6 rats
  A rat zombie (D:6)
  A fungus (Lair:2)
727 creatures vanquished.

Vanquished Creatures (collateral kills)
  Gastronok (Lair:2)
  A tengu warrior (D:15)
  An orc high priest (Orc:2)
  An orc knight (D:15)
  A necromancer (D:15)
  An ugly thing (D:15)
  3 orc sorcerers (Orc:2)
  A deep elf mage (D:12)
  A black mamba (Lair:2)
  A hornet (Swamp:2)
  2 wraiths (Orc:2)
  6 orc warriors (Orc:2)
  A crocodile (Lair:2)
  8 orc priests
  17 orc wizards (Orc:2)
  5 orcs
51 creatures vanquished.

Vanquished Creatures (others)
  A slave (D:4)
  A howler monkey (D:4)
  2 briar patches (Swamp:1)
  4 fungi
  14 plants
  2 withered plants (D:15)
24 creatures vanquished.

Grand Total: 802 creatures vanquished

Notes
Turn   | Place    | Note
-------+----------+-------------------------------------------
     0 | D:1      | Susanna the Minotaur Gladiator began the quest for the Orb.
     0 | D:1      | Reached XP level 1. HP: 18/18 MP: 0/0
   323 | D:1      | Reached XP level 2. HP: 21/25 MP: 1/1
   447 | D:1      | Reached skill level 1 in Armour
   897 | D:1      | Reached XP level 3. HP: 30/30 MP: 2/2
  1122 | D:2      | Found an ornate altar of the Wu Jian Council.
  1205 | D:2      | Found a burning altar of Makhleb.
  1211 | D:2      | Reached XP level 4. HP: 32/38 MP: 3/3
  1258 | D:2      | Became a worshipper of Makhleb the Destroyer
  2033 | D:3      | Reached skill level 5 in Long Blades
  2072 | D:3      | Noticed an ogre
  2149 | D:4      | Found an opulent altar of Gozag.
  2166 | D:4      | Reached * piety under Makhleb
  2166 | D:4      | Reached skill level 1 in Invocations
  2166 | D:4      | Reached XP level 5. HP: 32/45 MP: 4/4
  2382 | D:4      | Noticed a slave
  2383 | D:4      | Noticed Pikel
  2383 | D:4      | Noticed a slave
  2385 | D:4      | Noticed a slave
  2386 | D:4      | Noticed a slave
  2391 | D:4      | Noticed Natasha
  2398 | D:4      | Killed Natasha
  2405 | D:4      | Killed a slave
  2407 | D:4      | HP: 2/45 [Pikel/+0 whip of flaming (1)]
  2407 | D:4      | Killed a slave
  2409 | D:4      | Noticed Natasha
  2412 | D:4      | Killed Pikel
  2412 | D:4      | Reached XP level 6. HP: 15/53 MP: 4/6
  2412 | D:4      | Reached XP level 7. HP: 17/60 MP: 4/7
  2421 | D:4      | Killed Natasha
  2702 | D:4      | Noticed Dowan
  2703 | D:4      | Noticed Duvessa
  2802 | D:4      | Killed Duvessa
  2802 | D:4      | Reached skill level 5 in Fighting
  2802 | D:4      | Reached skill level 1 in Slings
  2802 | D:4      | Reached skill level 5 in Dodging
  2814 | D:4      | Killed Dowan
  3091 | D:4      | Noticed Edmund
  3112 | D:4      | Killed Edmund
  3112 | D:4      | Reached XP level 8. HP: 27/68 MP: 8/8
  3294 | D:4      | Noticed Natasha
  3311 | D:4      | Found an ancient bone altar of Kikubaaqudgha.
  3334 | D:4      | Killed Natasha
  3617 | D:4      | Found a deep blue altar of Sif Muna.
  3679 | D:4      | Found a shattered altar of Ashenzari.
  3809 | D:4      | Found a hazy altar of Hepliaklqana.
  3810 | D:4      | Found a sparkling altar of Nemelex Xobeh.
  4497 | D:3      | Reached ** piety under Makhleb
  4497 | D:3      | Reached skill level 5 in Armour
  4568 | D:3      | Found a bloodstained altar of Trog.
  5354 | D:3      | Reached *** piety under Makhleb
  5448 | D:5      | Entered Level 5 of the Dungeon
  5448 | D:5      | Noticed Eustachio
  5480 | D:5      | Killed Eustachio
  5586 | D:5      | Reached XP level 9. HP: 75/75 MP: 9/9
  5769 | D:5      | Got a brightly glowing long sword
  5770 | D:5      | Identified the +5 long sword of Shrieking Terror {slice,
                  | rElec rPois Dex+3} (You found it on level 5 of the Dungeon)
  5959 | D:5      | Noticed Sigmund
  5968 | D:5      | Killed Sigmund
  6061 | D:5      | Got a slimy bone ring
  6062 | D:5      | Identified the ring "Oppef" {Ice rElec Int+10 Dex-2 Slay-6}
                  | (You found it on level 5 of the Dungeon)
  6364 | D:6      | Reached **** piety under Makhleb
  6461 | D:6      | Found a sand-covered staircase.
  6469 | Ossuary  | Entered an ossuary
  6545 | Ossuary  | Reached skill level 10 in Long Blades
  7206 | D:7      | Found a glowing golden altar of the Shining One.
  7276 | D:7      | Found a staircase to the Ecumenical Temple.
  7424 | D:7      | Reached ***** piety under Makhleb
  7519 | D:7      | Noticed a troll
  7533 | D:7      | Killed a troll
  7728 | D:7      | Reached XP level 10. HP: 84/84 MP: 10/10
  7877 | D:8      | Reached skill level 1 in Shields
  7958 | D:8      | Found a hide-covered altar of Uskayaw.
  8073 | D:8      | Noticed a two-headed ogre
  8110 | D:8      | Noticed an orange demon
  8349 | D:8      | Found a staircase to the Lair.
  8778 | D:8      | Killed a two-headed ogre
  9264 | D:9      | Found a staircase to the Orcish Mines.
  9348 | D:9      | Reached ****** piety under Makhleb
  9441 | D:9      | Reached XP level 11. HP: 93/93 MP: 12/12
 10070 | D:9      | Found a sacrificial altar of Ru.
 10200 | D:10     | Entered Level 10 of the Dungeon
 10377 | D:10     | Noticed a two-headed ogre
 10385 | D:10     | Killed a two-headed ogre
 10846 | D:11     | You fall into a shaft and drop 3 floors!
 10850 | D:14     | Noticed a green ugly thing
 10885 | D:13     | Noticed a two-headed ogre
 10897 | D:13     | Killed a two-headed ogre
 10897 | D:13     | Reached skill level 1 in Stealth
 10899 | D:13     | Noticed a two-headed ogre
 10908 | D:13     | Killed a two-headed ogre
 10945 | D:13     | Found Wueniv's Antique Weapon Shoppe.
 11037 | D:13     | Noticed a two-headed ogre
 11046 | D:13     | Killed a two-headed ogre
 11174 | D:13     | Noticed a six-headed hydra
 11218 | D:13     | Noticed a cyan ugly thing
 11227 | D:13     | Killed a cyan ugly thing
 11346 | D:12     | Reached skill level 5 in Invocations
 11389 | D:12     | Found a gate leading to a gauntlet.
 11394 | Gauntlet | Entered a Gauntlet
 11394 | Gauntlet | Found a transporter.
 11394 | Gauntlet | Found a transporter.
 11398 | Gauntlet | Found a transporter.
 11398 | Gauntlet | Found a transporter.
 11400 | Gauntlet | Found a large runed translucent door.
 11401 | Gauntlet | Found a large runed translucent door.
 11402 | Gauntlet | Found a large runed translucent door.
 11402 | Gauntlet | Found a large runed translucent door.
 11402 | Gauntlet | Found a runed translucent door.
 11403 | Gauntlet | Found a large runed translucent door.
 11409 | Gauntlet | Found a transporter.
 11413 | Gauntlet | Found a large runed translucent door.
 11414 | Gauntlet | Found a large runed translucent door.
 11415 | Gauntlet | Found a large runed translucent door.
 11416 | Gauntlet | Found a runed translucent gate.
 11418 | Gauntlet | Found a transporter.
 11419 | Gauntlet | Noticed a wizard
 11424 | Gauntlet | Noticed a death ooze
 11426 | Gauntlet | Found a transporter.
 11426 | Gauntlet | Found a runed translucent gate.
 11427 | Gauntlet | Found a runed translucent gate.
 11428 | Gauntlet | Found a transporter.
 11428 | Gauntlet | Found a transporter.
 11428 | Gauntlet | Found a large runed translucent door.
 11428 | Gauntlet | Noticed a ghost crab
 11429 | Gauntlet | Found a large runed translucent door.
 11430 | Gauntlet | Found a large runed translucent door.
 11432 | Gauntlet | Found a transporter.
 11466 | Gauntlet | Found a transporter.
 11473 | Gauntlet | Found a runed translucent door.
 11482 | Gauntlet | Found a large runed translucent door.
 11482 | Gauntlet | Found a large runed translucent door.
 11482 | Gauntlet | Found a large runed translucent door.
 11483 | Gauntlet | Found a large runed translucent door.
 11484 | Gauntlet | Found a transporter.
 11484 | Gauntlet | Found a large runed translucent door.
 11485 | Gauntlet | Noticed a fire crab
 11524 | Gauntlet | Found a transporter.
 11538 | Gauntlet | Found a transporter.
 11635 | Gauntlet | Reached XP level 12. HP: 104/104 MP: 14/14
 11684 | Gauntlet | Found a transporter.
 11697 | Gauntlet | Found a transporter.
 11930 | Gauntlet | Killed a ghost crab
 12045 | Gauntlet | Got a steaming wooden ring
 12047 | Gauntlet | Identified the ring "Liuwuaho" {Wiz rElec Int+3} (You found
                  | it in a Gauntlet)
 12085 | Gauntlet | Identified the +2 plate armour of Qierhoes {rC+ rCorr
                  | Dex+4}
 12085 | Gauntlet | Noticed a minotaur
 12105 | Gauntlet | Killed a minotaur
 12287 | D:12     | Noticed a two-headed ogre
 12297 | D:12     | Killed a two-headed ogre
 12498 | D:12     | Reached skill level 10 in Armour
 12581 | D:12     | Reached skill level 10 in Fighting
 12989 | D:11     | Noticed Erica
 12997 | D:11     | Killed Erica
 13007 | D:11     | Reached skill level 10 in Dodging
 13643 | D:11     | Got an ancient sapphire amulet
 13875 | D:11     | Identified the amulet "Itzuhub" {Gourm rElec Int+7} (You
                  | found it on level 11 of the Dungeon)
 14031 | Lair:1   | Entered Level 1 of the Lair of Beasts
 14156 | Lair:1   | Learned a level 1 spell: Confusing Touch
 14158 | Lair:1   | Learned a level 1 spell: Corona
 14427 | Lair:1   | Reached XP level 13. HP: 114/114 MP: 18/18
 15219 | Lair:2   | Noticed Gastronok
 15227 | Lair:2   | Killed Gastronok
 15453 | Lair:2   | Found a transporter.
 15563 | Lair:2   | Found a transporter.
 16072 | Lair:3   | Found a staircase to the Snake Pit.
 16550 | Lair:4   | Reached skill level 10 in Invocations
 17237 | Lair:4   | Found a staircase to the Swamp.
 18245 | Lair:6   | Entered Level 6 of the Lair of Beasts
 18360 | Lair:6   | Found a runed translucent door.
 18360 | Lair:6   | Noticed Elric's ghost (journeyman MiFi)
 18483 | Lair:6   | Reached XP level 14. HP: 125/125 MP: 21/21
 18712 | Lair:6   | Got a twitching bone ring
 19247 | Lair:6   | Found a large runed translucent door.
 19247 | Lair:6   | Found a large runed translucent door.
 19341 | Lair:6   | Identified the ring of Perfectionism {rPois rN+ Str+2 Dex+4
                  | Stlth-} (You found it on level 6 of the Lair of Beasts)
 19383 | Lair:6   | Found a staircase to the Slime Pits.
 19870 | Lair:6   | Killed Elric's ghost
 20383 | Orc:1    | Entered Level 1 of the Orcish Mines
 20393 | Orc:1    | Found a bloodstained altar of Trog.
 20692 | Orc:2    | Entered Level 2 of the Orcish Mines
 20834 | Orc:2    | Noticed Josephine
 20843 | Orc:2    | Killed Josephine
 20923 | Orc:2    | Found a staircase to the Elven Halls.
 20957 | Orc:2    | Paralysed by an orc sorcerer for 7 turns
 20971 | Orc:2    | Noticed a cacodemon
 20976 | Orc:2    | Paralysed by an orc sorcerer for 3 turns
 21401 | Orc:2    | Found Wicey's Antique Armour Shop.
 21401 | Orc:2    | Found Yskusuat's Antique Weapon Boutique.
 21401 | Orc:2    | Found Ypsidu's Antique Armour Boutique.
 21404 | Orc:2    | Found Ejixataps's Antique Armour Shop.
 21702 | Orc:2    | Bought a cloak for 108 gold pieces
 22157 | D:13     | Found a runed translucent door.
 22158 | D:13     | Noticed a sphinx
 22160 | D:13     | Found a runed translucent door.
 22160 | D:13     | Found a runed translucent door.
 22556 | D:14     | Found a gate to the Vaults.
 22975 | D:14     | Reached XP level 15. HP: 136/136 MP: 23/23
 23092 | D:14     | Found a blossoming altar of Fedhas.
 23377 | D:15     | Entered Level 15 of the Dungeon
 23618 | D:15     | Found a staircase to the Depths.
 24060 | D:15     | Found a blossoming altar of Fedhas.
 24768 | Swamp:1  | Entered Level 1 of the Swamp
 24781 | Swamp:1  | Reached skill level 5 in Shields
 24844 | Swamp:1  | Noticed a thorn hunter
 24872 | Swamp:1  | Killed a thorn hunter
 25803 | Swamp:2  | Reached skill level 10 in Shields
 26141 | Swamp:2  | HP: 2/137 [shambling mangrove (11)]
 26148 | Swamp:2  | Killed from afar by a balrug

Levels and vault maps discovered:
D:1:      sevenhm_arrival_forest_fort_small_5, layout_basic
D:2:      layout_basic, makhleb_heckhound_becter, nicolae_overflow_crystal_walls
D:3:      lemuel_castle_with_subvaults [lemuel_castle_interior_original],
          layout_basic, lightli_temple_of_fire, grunt_decor_one_mirror,
          st_stairs_7
D:4:      layout_cave_pools, kennysheep_mini, evilmike_ruin_ashenzari,
          lemuel_coloured_pillars_altar, gammafunk_temple_overflow_statue,
          lemuel_blue_sif_altar, first_ration, minmay_misc_feat_roman,
          uniq_duvessa, uniq_edmund, uniq_natasha, uniq_pikel
D:5:      layout_loops_cross, uniq_sigmund, uniq_eustachio
D:6:      layout_basic, enter_ossuary_3
D:7:      layout_basic, lemuel_crystal_altar,
          minmay_temple_entry_enclosed_plants, minmay_hedge_maze
D:8:      layout_loops_ring, marbit_many_paths, lair_entry_dummy, serial_glass,
          glass_columns_a, glass_columns_a, hangedman_pestilent_swarm,
          minmay_misc_feat_iff
D:9:      layout_layer_cave, nicolae_ru_sacrificial_ziggurat, orc_0_dummy
D:10:     layout_loops_ring, serial_park_tiny_pond, minmay_misc_feat_columns
D:11:     layout_roguey, minivault_25_ag, columned_hall_lemuel,
          due_unseen_surprise, uniq_erica
D:12:     layout_loops_ring, gauntlet_entry_generic, minmay_lizard_king
D:13:     minmay_the_grid_triangle_9x9_recursive_2
          [minmay_the_grid_triangle_9x9_prize_top_heavy,
          minmay_the_grid_triangle_9x9_impossible_snake,
          minmay_the_grid_triangle_9x9_intruding_spiral,
          minmay_the_grid_triangle_9x9_fully_insulated_deathbox], layout_basic,
          serial_shops, nicolae_shop_behind_doors, minmay_misc_feat_alley
D:14:     layout_long_grid, erik_vaults_2, minmay_fountain_box, fedhas_altar_2
D:15:     gammafunk_depths_entry_grave, layout_long_grid, basic_altar,
          bh_walls_and_bars
Lair:1:   layout_roguey, serial_bayou_crossing
Lair:2:   gammafunk_cloud_chamber, layout_loops_ring, minivault_27,
          infiniplex_staircase_pool_2, uniq_gastronok
Lair:3:   layout_chaotic_city, minmay_snake_entry_guardpost_small
Lair:4:   layout_cave_pods, nicolae_swamp_entry_splash_gauntlet,
          minmay_lair_drake_nest
Lair:5:   layout_regular_city, serial_bayou_shore_b
Lair:6:   cheibrodos_lair_end_hotspot, layout_cave_pods,
          minmay_slime_entry_oklob_enclosed, hellmonk_ghost_happy_afterlife,
          minivault_26, st_stairs_10
Swamp:1:  layout_basic_swamp, serial_swamp_ruin, evilmike_swamp_ruin_rubble_2,
          hangedman_swamp_ruin_hall, evilmike_swamp_ruin_house_5
Swamp:2:  layout_basic_swamp, evilmike_swamp_ruin_rubble_1
Orc:1:    layout_diamond_mine, basic_altar, chequers_guarded_unrand_ignorance
Orc:2:    st_orc_mages, layout_caves, uniq_josephine

Skill      XL: |  1  2  3  4  5  6  7  8  9 10 11 12 13 14 15 |
---------------+----------------------------------------------+-----
Long Blades    | 4 5 6 7 8 10 12 13 | 13.6
Armour         | 1 2 3 4 5 6 8 9 10 12 13 | 13.9
Fighting       | 3 4 5 6 7 9 10 11 13 | 13.8
Dodging        | 4 5 7 8 9 10 11 12 13 | 13.2
Invocations    | 1 2 3 5 8 11 12 | 12.8
Slings         | 1 3 |  3.1
Short Blades   | 2 4 |  4.8
Shields        | 4 11 | 11.0
Stealth        | 2 3 |  3.2
Throwing       | |  2.0

Action                   |  1- 3 |  4- 6 |  7- 9 | 10-12 | 13-15 || total
-------------------------+-------+-------+-------+-------+-------++-------
Melee: Long sword        |    62 |    61 |   170 |   619 |   500 ||  1412
       Headbutt          |     9 |    11 |    78 |   184 |   449 ||   731
       Short sword       |       |       |   205 |       |       ||   205
       Scimitar          |       |       |       |       |   557 ||   557
 Fire: Hunting sling     |       |    33 |   168 |     7 |    13 ||   221
Invok: Lesser Servant of |       |       |       |     8 |    13 ||    21
       Greater Servant o |       |       |       |       |     5 ||     5
Evoke: Wand              |       |       |       |     1 |       ||     1
  Use: Scroll            |       |    10 |    13 |     5 |    20 ||    48
       Potion            |       |     3 |       |     6 |    11 ||    20
 Stab: Sleeping          |       |       |    12 |    16 |       ||    28
       Distracted        |       |       |       |     1 |     3 ||     4
       Invisible         |       |       |       |       |     4 ||     4
  Eat: Chunk             |     1 |     3 |    14 |    30 |    38 ||    86
       Ration            |       |       |     1 |     3 |       ||     4
Armor: Plate armour      |    30 |    60 |    27 |    85 |   313 ||   515
       Leather armour    |       |       |     3 |       |       ||     3
       Shadow dragon sca |       |       |   170 |   127 |       ||   297
       Scale mail        |       |       |     2 |       |       ||     2
Dodge: Dodged            |    24 |    47 |   221 |   417 |   676 ||  1385
Block: Buckler           |       |       |       |   128 |   244 ||   372
       Rpst.: Long sword |     3 |    13 |    22 |    82 |    79 ||   199
       Scimitar          |       |       |       |       |    75 ||    75

Table legend:
 A = Non-vault XP
 B = Vault XP
 C = Vault XP percentage of total XP
 D = Non-vault monster count
 E = Vault monster count
 F = Vault count percentage of total count
                 A         B        C        D         E       F
            +---------+---------+-------+---------+---------+-------
      Total |  102427 |   46033 |  31.0 |     545 |     230 |  29.7
            +---------+---------+-------+---------+---------+-------
        D:1 |      41 |       0 |   0.0 |      21 |       0 |   0.0
        D:2 |      36 |      42 |  53.8 |      14 |       1 |   6.7
        D:3 |      65 |     814 |  92.6 |      20 |      63 |  75.9
        D:4 |     404 |    1080 |  72.8 |       9 |       5 |  35.7
        D:5 |     568 |     431 |  43.1 |      25 |       2 |   7.4
        D:6 |     763 |       1 |   0.1 |      14 |       1 |   6.7
        D:7 |    1151 |       0 |   0.0 |      33 |       0 |   0.0
        D:8 |    2951 |     705 |  19.3 |      39 |       5 |  11.4
        D:9 |    3415 |       0 |   0.0 |      36 |       0 |   0.0
       D:10 |    3190 |       0 |   0.0 |      19 |       0 |   0.0
       D:11 |    1772 |    2328 |  56.8 |      16 |       3 |  15.8
       D:12 |    5872 |     424 |   6.7 |      30 |       8 |  21.1
       D:13 |    7682 |       0 |   0.0 |      33 |       0 |   0.0
       D:14 |   10687 |    7851 |  42.4 |      25 |       8 |  24.2
       D:15 |    8483 |    4346 |  33.9 |      24 |       8 |  25.0
     Lair:1 |    5144 |       0 |   0.0 |      22 |       0 |   0.0
     Lair:2 |    1648 |    5061 |  75.4 |       6 |       7 |  53.8
     Lair:3 |    2755 |     486 |  15.0 |      17 |       3 |  15.0
     Lair:4 |    3746 |    1883 |  33.5 |      13 |       8 |  38.1
     Lair:5 |    3645 |       0 |   0.0 |      15 |       0 |   0.0
     Lair:6 |    9647 |   10661 |  52.5 |      35 |      33 |  48.5
    Swamp:1 |   13148 |       0 |   0.0 |      28 |       0 |   0.0
    Swamp:2 |   14037 |       0 |   0.0 |      30 |       0 |   0.0
      Orc:1 |     779 |       0 |   0.0 |      10 |       0 |   0.0
      Orc:2 |     798 |    4895 |  86.0 |      11 |      50 |  82.0
    Ossuary |       0 |     348 | 100.0 |       0 |      16 | 100.0
   Gauntlet |       0 |    4677 | 100.0 |       0 |       9 | 100.0
            +---------+---------+-------+---------+---------+-------
